 Dungeon Crawl Stone Soup version 0.28.0-53-g5a82cb258f (webtiles) character file.

Game seed: 1728971844398382319

68 protoss039 the Digger (level 4, 26/33 HPs)
             Began as a Demonspawn Earth Elementalist on June 16, 2022.
             Got out of the dungeon alive.
             The game lasted 00:01:35 (2777 turns).

protoss039 the Digger (DsEE)                        Turns: 2777, Time: 00:01:36

Health: 26/33      AC:  3    Str:  8    XL:     4   Next: 1%
Magic:  7/7        EV: 12    Int: 18    God:
Gold:   51         SH:  4    Dex: 14    Spells: 4/7 levels left

rFire   . . .      SeeInvis .   g - +2 dagger (venom)
rCold   . . .      Faith    .   (no shield)
rNeg    . . .      Spirit   .   b - +0 robe
rPois   .          Reflect  .   (helmet restricted)
rElec   .          Harm     .   a - +0 cloak
rCorr   .          Rampage  .   (no gloves)
Will    .....                   (no boots)
Stlth   ++........              (no amulet)
HPRegen 0.11/turn               (no ring)
MPRegen 0.10/turn               (no ring)

@: no status effects
A: antennae 1, condensation shield
a: no special abilities


You escaped.
You visited 1 branch of the dungeon, and saw 2 of its levels.

You collected 51 gold pieces.

Inventory:

Hand Weapons
 g - a +2 dagger of venom (weapon)
Missiles
 c - 21 stones
Armour
 a - a +0 cloak (worn)
 b - a +0 robe (worn)
Scrolls
 f - a scroll of summoning {unknown}
 i - a scroll of magic mapping {unknown}
 j - a scroll of teleportation {unknown}
 m - a scroll of blinking {unknown}
 n - a scroll of holy word {unknown}
 p - a scroll of identify {unknown}
Potions
 d - a potion of attraction {unknown}
 e - a potion of mutation {unknown}
 h - a potion of heal wounds {unknown}
 k - a potion of ambrosia {unknown}
 l - a potion of curing {unknown}
 o - a potion of lignification {unknown}


   Skills:
 * Level 2.1 Fighting
 + Level 1.2 Armour
 - Level 1.7 Dodging
 - Level 1.7 Stealth
 + Level 2.4 Spellcasting
 - Level 1.0 Transmutations
 + Level 3.1 Earth Magic


You had 4 spell levels left.
You knew the following spells:

 Your Spells              Type           Power      Damage    Failure   Level
a - Sandblast             Erth           26%        2d8       4%          1
b - Passwall              Tmut/Erth      7%         N/A       11%         2

Your spell library contained the following spells:

 Spells                   Type           Power      Damage    Failure   Level
 Stone Arrow              Conj/Erth      14%        3d7       26%         3
 Petrify                  Tmut/Erth      9%         N/A       58%         4


Dungeon Overview and Level Annotations

Branches:
Dungeon (2/15)

Altars:


Innate Abilities, Weirdness & Mutations

You have a pair of small antennae on your head.
A meltable shield of frost defends you. (SH +4)


Message History

You kill the giant cockroach!
The giant cockroach bites you but does no damage.
You hit the giant cockroach but do no damage.
The giant cockroach is poisoned.
You kill the giant cockroach!
The giant cockroach bites you.
You closely miss the giant cockroach.
The giant cockroach completely misses you.
The giant cockroach barely misses you.
The giant cockroach bites you but does no damage.
You closely miss the giant cockroach. The giant cockroach misses you.
The giant cockroach bites you but does no damage.
You hit the giant cockroach but do no damage.
The giant cockroach is poisoned.
You kill the giant cockroach!
The giant cockroach bites you but does no damage.
You hit the giant cockroach but do no damage.
The giant cockroach is poisoned.
You block the giant cockroach's attack.
You closely miss the giant cockroach.
The giant cockroach is moderately wounded.
The giant cockroach completely misses you.
You barely miss the giant cockroach.
The giant cockroach is severely wounded.
You kill the giant cockroach!
You have reached level 4!
You feel agile.
Your demonic ancestry asserts itself...
A pair of antennae grows on your head!
Unknown command.
Things that are here:
a +0 club; a +0 plate armour; a goblin corpse A ball python comes into view.
There is an escape hatch in the ceiling here.
The ball python hisses angrily.
A mysterious force pulls you upwards. The hatch slams shut behind you.
You see here 24 bolts.
There is an open door here.
There is an open door here.
There is a staircase leading out of the dungeon here.
Are you sure you want to leave the Dungeon?
This will make you lose the game!
You have escaped!

#.........#......#....#
#.###.....#.######....## #.#
#.......# #.#....
#.#######...# ####.#####
#.........#.# #....#
####.####.#.# #.##'#####
#.######.# #.#......#
#.#...##.###.'.......
#.'.@.'.....##.......
###...#.###.######... #####.#
#....###### ########## #.#
#....#.(...
#.##.....###.###....#.####
####.#......'.....'....#.#...
#....#......#######....#.#.##
#.####........# #..###.#.#
#.# #........# #....#.####


There were no monsters in sight!

Vanquished Creatures
  2 adders (D:2)
  A worm (D:2)
  A dart slug (D:2)
  7 endoplasms
  9 giant cockroaches (D:2)
  3 goblins
  3 hobgoblins
  3 jackals (D:2)
  3 ball pythons (D:1)
  3 bats
  2 frilled lizards (D:2)
  A kobold (D:2)
  3 rats
41 creatures vanquished.

Notes
Turn   | Place    | Note
-------+----------+-------------------------------------------
     0 | D:1      | protoss039 the Demonspawn Earth Elementalist began the
                  | quest for the Orb.
     0 | D:1      | Reached XP level 1. HP: 13/13 MP: 3/3
   102 | D:1      | Reached skill level 1 in Transmutations
   837 | D:1      | Gained mutation: A meltable shield of frost defends you.
                  | (SH +4) [demonic ancestry]
   837 | D:1      | Reached XP level 2. HP: 20/20 MP: 5/5
  1070 | D:1      | Reached skill level 1 in Fighting
  1427 | D:2      | Learned a level 2 spell: Passwall
  1533 | D:2      | HP: 1/21 [worm (11)]
  1976 | D:2      | Reached XP level 3. HP: 26/26 MP: 6/6
  2104 | D:2      | Reached skill level 1 in Armour
  2104 | D:2      | Reached skill level 3 in Earth Magic
  2719 | D:2      | Gained mutation: You have a pair of small antennae on your
                  | head. [demonic ancestry]
  2719 | D:2      | Reached XP level 4. HP: 19/33 MP: 7/7
  2777 | D:$      | Got out of the dungeon alive.

Illustrated notes

Levels and vault maps discovered:
D:1:      dpeg_arrival_tiny_h, layout_basic
D:2:      minmay_roachtagon, layout_loops_corners

Skill      XL: |  1  2  3 |
---------------+----------+-----
Transmutations | 1 |  1.0
Fighting       | 1 2 |  2.1
Armour         | 1 |  1.2
Earth Magic    | 3 |  3.1
Dodging        | |  1.7
Stealth        | |  1.7
Spellcasting   | |  2.4

Action                   |  1- 3 |  4- 6 || total
-------------------------+-------+-------++-------
Melee: Whip              |    18 |       ||    18
       Dagger            |   117 |       ||   117
       Punch             |     2 |       ||     2
       Unarmed           |     1 |       ||     1
 Cast: Sandblast         |     9 |       ||     9
 Stab: Sleeping          |     2 |       ||     2
Armor: Robe              |    52 |       ||    52
Dodge: Dodged            |    94 |       ||    94
Block: Other             |    12 |       ||    12
